 Dungeon Crawl Stone Soup version 0.26-a0-259-g1effd001a9 (webtiles) character file.

Game seed: 842048530282238885

138 MalarOregon the Conjurer (level 5, 42/42 HPs)
             Began as a Draconian Conjurer on July 12, 2020.
             Quit the game on level 2 of the Dungeon on July 20, 2020.
             The game lasted 00:05:57 (2724 turns).

MalarOregon the Conjurer (Draconian Conjurer)       Turns: 2724, Time: 00:05:58

Health: 42/42      AC:  5    Str:  9    XL:     5   Next: 1%
Magic:  6/9        EV: 12    Int: 20    God:
Gold:   44         SH:  0    Dex:  9    Spells: 8/9 levels left

rFire    . . .     SeeInvis .   b - +0 mace (vorpal)
rCold    . . .     Faith    .   (no shield)
rNeg     . . .     Spirit   .   (armour unavailable)
rPois    .         Reflect  .   (helmet restricted)
rElec    .         Harm     .   (no cloak)
rCorr    .                      (no gloves)
MR       .....                  (no boots)
Stlth    ++........             (no amulet)
HPRegen  0.14/turn              (no ring)
MPRegen  0.11/turn              (no ring)

@: no status effects
A: unfitting armour, cold-blooded, AC +5
a: no special abilities


You were on level 2 of the Dungeon.
You were not hungry.

You visited 1 branch of the dungeon, and saw 2 of its levels.

You collected 44 gold pieces.

Inventory:

Hand Weapons
 b - a +0 vorpal mace (weapon)
   (You found it on level 1 of the Dungeon)
Wands
 d - a wand of iceblast (7)
   (You found it on level 2 of the Dungeon)
Scrolls
 a - a scroll of teleportation {unknown}
 c - 2 scrolls of immolation {unknown}
 f - a scroll of magic mapping {unknown}
 g - a scroll of remove curse {unknown}
 h - 2 scrolls of blinking {unknown}
 j - 3 scrolls of identify {unknown}
 l - a scroll of enchant armour {unknown}
 m - a scroll of random uselessness {unknown}
Potions
 i - a potion of experience {unknown}
 k - a potion of brilliance {unknown}
Comestibles
 e - 14 rations {!d}


   Skills:
 + Level 2.3 Fighting
 + Level 2.8 Dodging
 - Level 1.7 Stealth
 + Level 2.9 Spellcasting
 + Level 4.6 Conjurations


You had 8 spell levels left.
You knew the following spells:

 Your Spells              Type           Power        Failure   Level
a - Magic Dart            Conj           ###.         2%          1

Your spell library contained the following spells:

 Spells                   Type           Power        Failure   Level
 Searing Ray              Conj           ###...       3%          2
 Dazzling Flash           Conj/Hex       ##....       17%         3
 Fulminant Prism          Conj/Hex       ##........   50%         4
 Iskenderun's Mystic Bla  Conj/Tloc      ##......     50%         4


Dungeon Overview and Level Annotations

Branches:
Dungeon (2/15)

Altars:
Ashenzari
Dithmenos


Innate Abilities, Weirdness & Mutations

Your plain brown scales are hard. (AC +5)
You cannot fit into any form of body armour.
You are cold-blooded and may be slowed by cold attacks.


Message History

Aim: an adder (lightly wounded)
The magic dart hits the adder.
Aim: an adder (heavily wounded)
You miscast Magic Dart.
You are very lightly contaminated with residual magic.
Nothing appears to happen.
Aim: an adder (heavily wounded)
The magic dart hits the adder.
You kill the adder!
Your magical contamination has completely faded away.
Things that are here:
a +0 dagger; a +0 hunting sling; 14 stones
Things that are here:
a +0 spear; 20 stones; a +0 leather armour
j - 3 scrolls labeled ESOCRIF OPPA (gained 1)
e - 14 rations {!d} (gained 2)
A kobold comes into view.
A kobold is nearby!
Aim: a kobold (asleep)
The magic dart hits the kobold.
The kobold shouts!
You hear an angry hiss.
Aim: a kobold (heavily wounded)
The magic dart hits the kobold.
You kill the kobold!
An adder comes into view.
Aim: an adder The magic dart hits the adder.
Aim: an adder (heavily wounded)
The magic dart hits the adder.
Aim: an adder (heavily wounded)
The magic dart hits the adder.
You kill the adder!
You have reached level 5!
Things that are here:
an adder corpse; a kobold corpse A bat comes into view.
A bat is nearby!
A bat is nearby!
A bat is nearby!
Aim: a bat (asleep)
The magic dart hits the bat.
Aim: a bat (moderately wounded)
The magic dart hits the bat but does no damage.
The bat barely misses you.
Aim: a bat (moderately wounded)
The magic dart hits the bat.
You kill the bat!
Welcome back, MalarOregon the Draconian Conjurer.
Saving game... please wait.
Welcome back, MalarOregon the Draconian Conjurer.

#.###
...#####..#
#........#
########.#
#.#
##########.#
#..........#
#.##########
#@#
.....†...#
##.####..#
#..# #..#
...# ##.# .#


There were no monsters in sight!

Vanquished Creatures
  Robin (D:1)
  3 adders (D:2)
  4 gnolls (D:2)
  An ooze (D:1)
  A worm (D:2)
  A dart slug (D:1)
  2 leopard geckos (D:1)
  3 bats
  A giant cockroach (D:2)
  12 goblins
  7 hobgoblins
  7 jackals
  A frilled lizard (D:2)
  2 kobolds
  A rat (D:1)
47 creatures vanquished.

Notes
Turn   | Place    | Note
-------+----------+-------------------------------------------
     0 | D:1      | MalarOregon the Draconian Conjurer began the quest for the
                  | Orb.
     0 | D:1      | Reached XP level 1. HP: 14/14 MP: 3/3
   471 | D:1      | Reached XP level 2. HP: 22/22 MP: 0/5
   778 | D:1      | Reached skill level 1 in Fighting
  1303 | D:2      | Reached XP level 3. HP: 28/28 MP: 0/6
  1330 | D:2      | Noticed Robin
  1519 | D:2      | Found a shattered altar of Ashenzari.
  1774 | D:1      | Killed Robin
  2041 | D:2      | Reached XP level 4. HP: 36/36 MP: 1/7
  2209 | D:2      | Found a shadowy altar of Dithmenos.
  2646 | D:2      | Reached XP level 5. HP: 42/42 MP: 3/9
  2724 | D:2      | Quit the game

Illustrated notes

Levels and vault maps discovered:
D:1:      kennysheep_arrival_forest, layout_basic
D:2:      layout_loops_ring, grunt_dithmenos_smoke_and_mirrors, tgw_trog,
          ashenzari_altar_1, uniq_robin

Skill      XL: |  1  2  3  4 |
---------------+-------------+-----
Dodging        | 2 |  2.8
Fighting       | 1 2 |  2.3
Stealth        | |  1.7
Spellcasting   | |  2.9
Conjurations   | |  4.6

Action                   |  1- 3 |  4- 6 || total
-------------------------+-------+-------++-------
Melee: Unarmed           |     8 |       ||     8
       Tailslap          |     1 |     1 ||     2
       Mace              |    17 |    17 ||    34
 Cast: Magic Dart        |    71 |    39 ||   110
  Eat: Ration            |     1 |     1 ||     2
Armor: Skin              |    30 |     9 ||    39
Dodge: Dodged            |    60 |    21 ||    81

Table legend:
 A = Non-vault XP
 B = Vault XP
 C = Vault XP percentage of total XP
 D = Non-vault monster count
 E = Vault monster count
 F = Vault count percentage of total count
                 A         B        C        D         E       F
            +---------+---------+-------+---------+---------+-------
      Total |     164 |      34 |  17.2 |      36 |      11 |  23.4
            +---------+---------+-------+---------+---------+-------
        D:1 |      39 |      15 |  27.8 |      16 |       1 |   5.9
        D:2 |     125 |      19 |  13.2 |      20 |      10 |  33.3
            +---------+---------+-------+---------+---------+-------
